Workbook

Sheet Instrucciones diligenciamiento
A1: Instrucciones de diligenciamiento
A4: Si usted requiere crear o modificar una actividad del plan de acción para atender un hallazgo o recomendaciones resultado de auditorias o seguimientos realizados por la Oficina de Control Interno, por un ente de control externo, o de una autoevaluación sobre algún elemento de planeación y gestión institucional, recuerde que debe identificar inicialmente las causas que generaron el hallazgo o recomendación, vaya a la hoja de "Análisis de causas" | D4: Ir
A8: Si usted requiere realizar una solicitud de creación, modificación o cancelación de actividades en el plan de acción institucional , vaya a la hoja "Solicitudes PAI", no requiere diligenciar la hoja de "Análisis de causas" | D8: Ir

Sheet Analisis de causas
A1: ANALISIS DE CAUSAS
A2: Fecha del informe de ente de control o de autoevaluación | B2: Fuente | C2: Nombre de la auditoría(Si aplica) | D2: ID del informe de auditoría la auditoría (Si aplica) | E2: No. de hallazgo o numeral del Informe de la Auditoría o Visita, o nombre del elemento sujeto de la mejora* | F2: Hallazgo (informe de auditoria) o situación presentada (autoevaluación) | G2: Causa del hallazgo o de la autoevalaución | H2: ¿Se Materializa un riesgo identificado? | I2: Nombre del Riesgo materializado o propuesta de riesgo a identificar | J2: Fecha de materialización | K2: Fecha de cuando se idenficó la materialización en el proceso auditor o autoevaluación | L2: Fecha de registro de materialización en el aplicativo SVE | M2: Producto o servicio afectado | N2: Consecuencia | O2: ¿Qué control no fue efectivo para evitar la materialización del riesgo? | P2: Acciones relacionadas con la gestión del riesgo | Q2: ¿Informó a la segunda línea de defensa de este hecho? | R2: ¿La solución definida ya existe como una actividad en el plan de acción? | S2: Tipo de solicitud PAI | T2: Gestión a realizar
A3: 46262 | B3: Resultados de informes de la Oficina de Control Interno - OCI | C3: INFORME DE SEGUIMIENTO AL PLAN DE GESTION AMBIENTAL - PIGA I SEMESTRE DE 2026 | D3: 3-2026-06186 | E3: Numeral 6.2.3 | F3: Teniendo en cuenta que en el marco de lo establecido en la Resolución 839 de 2023 del Ministerio de Ambiente y Desarrollo Sostenible “Por la cual se sustituye la Resolución número 0941 de 2009 en lo relacionado con el Subsistema de Información sobre Uso de Recursos Naturales Renovables (SIUR) y el Registro Único Ambiental (RUA), se adoptan el Protocolo para el monitoreo y seguimiento del SIUR para los sectores productivos y el Registro de Emisiones y Transferencia de Contaminantes (RETC) y se toman otras determinaciones.” Y que en su artículo 15 donde se indica: “Los establecimientos sujetos al diligenciamiento y actualización anual del RUA a que hace referencia el artículo 7° de la presente resolución, deberán cumplir con los siguientes plazos dependiendo del sector productivo al cual pertenezca su actividad económica principal:” La OCI observó que estos reportes no se realizaron, incumpliendo de esta manera los términos legales de la Resolución razón por la cual se deberá establecer la causa raíz originadora de la situación evidencia y formular el plan de mejoramiento efectivo que permita subsanar la causa identificada. | G3: Deficiente seguimiento de las obligaciones normativas ambientales y sus términos de cumplimiento por parte del área Administrativa, puesto que el reporte de la generación de Residuos Peligrosos durante la vigencia 2025 no se realizó en los tiempos establecidos en la plataforma del RUA del IDEAM. | H3: Si | I3: Información reportada de forma imprecisa del proceso de gestión de funcionamiento y operación a entes externos. | J3: 46113 | K3: 46262 | L3: 46276 | M3: Gestión ambiental institucional y el cumplimiento de las obligaciones de reporte de información ambiental ante las autoridades competentes. | N3: Generación de requerimientos y posibles actuaciones administrativas por parte de la autoridad ambiental competente, derivadas del incumplimiento de los términos establecidos para el diligenciamiento y actualización del Registro Único Ambiental – RUA, lo que podría ocasionar la adopción de medidas administrativas, sanciones o requerimientos de subsanación, así como afectar el cumplimiento de las obligaciones ambientales de la Entidad. | O3: Actualmente, el riesgo “Información reportada de forma imprecisa del proceso de Gestión de Funcionamiento y Operación a entes externos” no cuenta con un control específico orientado a prevenir o detectar la omisión o falta de presentación de los reportes requeridos por los entes externos de control. En este sentido, se identifica la necesidad de fortalecer el esquema de control mediante la formulación e implementación de un control específico que permita verificar oportunamente la elaboración, presentación y cumplimiento de los reportes requeridos por dichos entes. Nota: Se identificó que el riesgo requiere ampliación en su descripción y por tanto ajuste en su nombre, con el fin de ampliar su cobertura frente a los reportes requeridos por los entes externos. | Q3: SI | R3: NO | S3: =+VLOOKUP(R3,Hoja2!C3:E4,2,FALSE) -> Crear actividad en el plan acción | T3: =+VLOOKUP(R3,Hoja2!F3:G4,2,FALSE) -> Dirijase a la hoja de "solicitudes PAI" y solicite la creación de la actividad con cada uno de los atributos requeridos | W3: Resultados de informes de la Oficina de Control Interno - OCI | X3: Si
S4: =+VLOOKUP(R4,Hoja2!C4:E5,2,FALSE) -> #N/A | T4: =+VLOOKUP(R4,Hoja2!F4:G5,2,FALSE) -> #N/A | W4: Resultados de auditorias realizadas por entes de control | X4: No
S5: =+VLOOKUP(R5,Hoja2!C5:E6,2,FALSE) -> #N/A | T5: =+VLOOKUP(R5,Hoja2!F5:G6,2,FALSE) -> #N/A | W5: Análisis y medición de indicadores
S6: =+VLOOKUP(R6,Hoja2!C6:E7,2,FALSE) -> #N/A | T6: =+VLOOKUP(R6,Hoja2!F6:G7,2,FALSE) -> #N/A | W6: Análisis de riesgos
R7: SI | S7: =+VLOOKUP(R7,Hoja2!C7:E8,2,FALSE) -> #N/A | T7: =+VLOOKUP(R7,Hoja2!F7:G8,2,FALSE) -> #N/A | W7: Resultados de la revisión por la dirección
S8: =+VLOOKUP(R8,Hoja2!C8:E9,2,FALSE) -> #N/A | T8: =+VLOOKUP(R8,Hoja2!F8:G9,2,FALSE) -> #N/A | W8: Análisis de datos y/o estructura documental
S9: =+VLOOKUP(R9,Hoja2!C9:E10,2,FALSE) -> #N/A | T9: =+VLOOKUP(R9,Hoja2!F9:G10,2,FALSE) -> #N/A | W9: Solicitud de entidades externas
S10: =+VLOOKUP(R10,Hoja2!C10:E11,2,FALSE) -> #N/A | T10: =+VLOOKUP(R10,Hoja2!F10:G11,2,FALSE) -> #N/A | W10: Análisis de peticiones, quejas o reclamos
S11: =+VLOOKUP(R11,Hoja2!C11:E12,2,FALSE) -> #N/A | T11: =+VLOOKUP(R11,Hoja2!F11:G12,2,FALSE) -> #N/A | W11: Autoevaluación del proceso | Y11: Y11:AA32W11Y11:Z32YY11:AC60
S12: =+VLOOKUP(R12,Hoja2!C12:E13,2,FALSE) -> #N/A | T12: =+VLOOKUP(R12,Hoja2!F12:G13,2,FALSE) -> #N/A
T13: =(IF('Analisis de causas'!R13="SI",Listas!$C$1,IF('Analisis de causas'!R13="NO",Listas!$C$2,"")))
T14: =(IF('Analisis de causas'!R14="SI",Listas!$C$1,IF('Analisis de causas'!R14="NO",Listas!$C$2,"")))
T15: =(IF('Analisis de causas'!R15="SI",Listas!$C$1,IF('Analisis de causas'!R15="NO",Listas!$C$2,"")))
T16: =(IF('Analisis de causas'!R16="SI",Listas!$C$1,IF('Analisis de causas'!R16="NO",Listas!$C$2,"")))
T17: =(IF('Analisis de causas'!R17="SI",Listas!$C$1,IF('Analisis de causas'!R17="NO",Listas!$C$2,"")))
T18: =(IF('Analisis de causas'!R18="SI",Listas!$C$1,IF('Analisis de causas'!R18="NO",Listas!$C$2,"")))
T19: =(IF('Analisis de causas'!R19="SI",Listas!$C$1,IF('Analisis de causas'!R19="NO",Listas!$C$2,"")))
T20: =(IF('Analisis de causas'!R20="SI",Listas!$C$1,IF('Analisis de causas'!R20="NO",Listas!$C$2,"")))
T21: =(IF('Analisis de causas'!R21="SI",Listas!$C$1,IF('Analisis de causas'!R21="NO",Listas!$C$2,"")))
T22: =(IF('Analisis de causas'!R22="SI",Listas!$C$1,IF('Analisis de causas'!R22="NO",Listas!$C$2,"")))
T23: =(IF('Analisis de causas'!R23="SI",Listas!$C$1,IF('Analisis de causas'!R23="NO",Listas!$C$2,"")))
T24: =(IF('Analisis de causas'!R24="SI",Listas!$C$1,IF('Analisis de causas'!R24="NO",Listas!$C$2,"")))
... T68: =(IF('Analisis de causas'!R68="SI",Listas!$C$1,IF('Analisis de causas'!R68="NO",Listas!$C$2,"")))

Sheet Metodología AC
B1: APLICACIÓN DE METODOLOGÍA ANÁLISIS DE CAUSAS
B3: ANÁLISIS DE CAUSA RAÍZ - METODOLOGÍA "5" PORQUÉ
B4: Instrucción: Realice un apregunta central sobre el hallazgo y partir de esta realice el ejercicio de la metodología para la identificación de la causa raíz. Su causa raiz estar formulada de la siguiente manera: Causa+Agente generador (quien) + Cuando/como Ejemplo: Diligenciamiento erróneo de la meta anual del indicador para la meta estrategica-13 en la vigencia 2023, por parte del asesor de la OAP al momento de su registro.
B6: FORMULAR PREGUNTA | P6: Por qué? | AJ6: Por qué? | BD6: Por qué? | BP6: Por qué? | CK6: Por qué?
B21: ANÁLISIS DE CAUSA RAÍZ - METODOLOGÍA LLUVIA DE IDEAS
B22: Nota: Realice la identificación de todas las situaciones que usted crea que generó la causa raiz Su causa raiz estar formulada de la siguiente manera: Causa+Agente generador (quien) + Cuando/como Ejemplo: Diligenciamiento erróneo de la meta anual del indicador para la meta estrategica-13 en la vigencia 2023, por parte del asesor de la OAP al momento de su registro.
B24: 1. Deficiencias en el seguimiento frente a la identificación de los términos establecidos para el diligenciamiento y actualización del RUA, lo que pudo ocasionar que el vencimiento del plazo no fuera identificado y gestionado oportunamente. 2. Ausencia o insuficiencia de mecanismos de alerta y seguimiento de los vencimientos asociados a las obligaciones ambientales, que permitan advertir oportunamente sobre la necesidad de realizar, validar y/o actualizar los reportes ambientales dentro de los términos establecidos. 3. Debilidad en el diseño de las actividades ambientales, al no contemplar de manera integral la identificación de la obligación, el seguimiento de los términos, y la validación del cumplimiento, situación que no permitió prevenir o detectar oportunamente la situación observada.
B25: Causa(s) Raíz(ces): Deficiente seguimiento de las obligaciones normativas ambientales y sus términos de cumplimiento por parte del área Administrativa, puesto que el reporte de la generación de Residuos Peligrosos durante la vigencia 2025 no se realizó en los tiempos establecidos en la plataforma del RUA del IDEAM.

Sheet Hoja2
C3: SI | D3: Modificar actividad en el plan de acción | F3: SI | G3: Dirijase a la hoja de "solicitudes PAI", recuerde que mínimo debe solicitar la asociación del clasificador de plan de mejoramiento, plan de tratamiento o riesgo que le aplique.
C4: NO | D4: Crear actividad en el plan acción | F4: NO | G4: Dirijase a la hoja de "solicitudes PAI" y solicite la creación de la actividad con cada uno de los atributos requeridos

Sheet Solicitudes PAI
A1: Acción a adelantar | B1: Crear actividad | D1: Crear actividad | F1: Crear actividad | H1: Crear actividad
A2: Código de acción PAI
A3: Dependencia | B3: Subdirección Financiera y Administrativa - SFA | D3: Subdirección Financiera y Administrativa - SFA | F3: Subdirección Financiera y Administrativa - SFA | H3: Subdirección Financiera y Administrativa - SFA
A4: Categoria | B4: SFA - Área Administrativa | D4: SFA - Área Administrativa | F4: SFA - Área Administrativa | H4: SFA - Área Administrativa
A5: ¿Por qué se realiza esta solicitud? | B5: Porque es necesario incorporar la acción de mejora orientada a garantizar la identificación, seguimiento y cumplimiento oportuno de las obligaciones asociadas al RUA. | D5: Porque es necesario incorporar la acción de mejora orientada a garantizar la identificación, seguimiento y cumplimiento oportuno de las obligaciones asociadas al RUA. | F5: Porque se debe realizar seguimiento y reporte anual de las líneas estratégicas de acción y metas indicativas del Plan Distrital de Gestión del Riesgo de Desastres y Cambio Climático (PDGRDCC) solicitado por el IDIGER, verificando los resultados alcanzados durante la vigencia. | H5: Porque se debe realizar seguimiento y reporte anual de las líneas estratégicas de acción y metas indicativas del Plan Distrital de Gestión del Riesgo de Desastres y Cambio Climático (PDGRDCC) solicitado por el IDIGER, verificando los resultados alcanzados durante la vigencia. | V5: Plan mejoramiento
A6: ¿Para que se realiza esta solicitud? | B6: Se solicita con el fin de incorporar una actividad orientada a subsanar el hallazgo identificado por la OCI, garantizar la correcta identificación y cumplimiento oportuno de las obligaciones ambientales (RUA), y establecer mecanismos preventivos que eviten su recurrencia. | D6: Se solicita con el fin de incorporar una actividad orientada a subsanar el hallazgo identificado por la OCI, garantizar la correcta identificación y cumplimiento oportuno de las obligaciones ambientales (RUA), y establecer mecanismos preventivos que eviten su recurrencia. | F6: Para realizar el reporte solicitado respecto a las acciones desarrolladas por la entidad, evidenciando el cumplimiento de las líneas y metas establecidas en el PDGRDCC, en materia de gestión del riesgo de desastres y cambio climático. | H6: Para realizar el reporte solicitado respecto a las acciones desarrolladas por la entidad, evidenciando el cumplimiento de las líneas y metas establecidas en el PDGRDCC, en materia de gestión del riesgo de desastres y cambio climático. | V6: Actualización PAI
B7: ACTIVIDAD 1 | D7: ACTIVIDAD 2 | F7: ACTIVIDAD 3 | H7: ACTIVIDAD 4 | J7: ACTIVIDAD 5 | L7: ACTIVIDAD 6 | N7: ACTIVIDAD 7 | P7: ACTIVIDAD 8 | R7: ACTIVIDAD 9 | T7: ACTIVIDAD 10 | V7: Creación de actividad dentro del PAI
B8: Valor actual | C8: Valor nuevo | D8: Valor actual | E8: Valor nuevo | F8: Valor actual | G8: Valor nuevo | H8: Valor actual | I8: Valor nuevo | J8: Valor actual | K8: Valor nuevo | L8: Valor actual | M8: Valor nuevo | N8: Valor actual | O8: Valor nuevo | P8: Valor actual | Q8: Valor nuevo | R8: Valor actual | S8: Valor nuevo | T8: Valor actual | U8: Valor nuevo | V8: Actualización de actividad dentro del PAI
A9: Nombre de la actividad | C9: Reportar la información en el Registro Único Ambiental (RUA). | E9: Crear control orientado a verificar oportunamente la elaboración, presentación y cumplimiento de los reportes a entes externos | G9: Realizar el reporte anual de seguimiento a las líneas estratégicas de acción y metas indicativas del PDGRDCC | I9: Incluir en el plan de acción 2027 la totalidad de reportes a entes externos. | V9: Solicitud de eliminación de actividad dentro del PAI
A10: Descripción de la actividad | C10: Realizar el diligenciamiento, reporte y/o actualización de la información sobre la generación de Residuos Peligrosos en el Registro Único Ambiental (RUA), con el proposito de subsanar la información que no fue reportada dentro de los plazos establecidos por la autoridad ambiental competente. | E10: Diseñar y documentar en la herramienta SVE un control asociado al riesgo “Información reportada de forma imprecisa del proceso de Gestión de Funcionamiento y Operación a entes externos”, orientado a verificar oportunamente la elaboración, presentación y cumplimiento de los reportes requeridos por los entes externos de control, con el fin de prevenir y detectar la omisión o presentación extemporánea de dichos reportes y fortalecer su seguimiento y trazabilidad. | G10: Consolidar los avances correspondientes a las líneas estratégicas y metas asignadas al FONCEP, con base en las acciones ejecutadas y las evidencias generadas durante la vigencia, con el fin de elaborar y presentar el reporte anual de seguimiento del PDGRDCC, solicitado por el IDIGER. | I10: Incluir en el Plan de Acción 2027 la totalidad de los reportes requeridos por los entes externos de control, estableciendo responsables, periodicidad y fechas de cumplimiento, con el fin de facilitar su seguimiento, verificar oportunamente su elaboración y presentación, y prevenir omisiones o extemporaneidades.
A11: Fecha inicial | C11: 46296 | E11: 46296 | G11: 46327 | I11: 46388
A12: Fecha final | C12: 46326 | E12: 46326 | G12: 46387 | I12: 46418
A13: Responsable | C13: Brayan Engativá | E13: Brayan Engativá | G13: Brayan Engativá | I13: Brayan Engativá
A14: Entregable (s) | C14: 1. Certificado de Reporte de Generación RESPEL, plataforma RUA IDEAM. | E14: 1. Formato de solicitud de creación o actualización de riesgo. 2. Captura de pantalla del riesgo en la herramienta SVE. | G14: 1. Captura de pantalla del reporte realizado en la plataforma del IDIGER. 2. Reporte anual de seguimiento del PDGRDCC. | I14: Plan de acción de acción institucional versión 1.
A15: Descripción entregable (s) | C15: Documento en formato pdf que contiene el resultado de la información reportada sobre los Residuos Peligrosos RESPEL, generados durante la vigencia anterior. | E15: 1. Formato de solicitud de creación o actualización de riesgo con la correcta identificación de la causa, control y demás ajustes que se realicen. 2. Captura de pantalla en la herramienta SVE que evidencie la creación del control y demás actualizaciones realizadas al riesgo. | G15: 1. Captura de pantalla donde se observe las líneas y metas asignadas reportadas en la plataforma del IDIGER. 2. Documento de Reporte anual de seguimiento del PDGRDCC diligenciado o consolidado para la vigencia. | I15: Plan de acción de acción institucional versión 1, en el que se evidencie la inclusión de los reportes requeridos por los entes externos de control.
A16: Nombre del indicador (PM) | C16: N/A | E16: N/A | G16: N/A | I16: N/A
A17: Formula del indicador (PM) | C17: N/A | E17: N/A | G17: N/A | I17: N/A
A18: Meta del indicador (PM) | C18: N/A | E18: N/A | G18: N/A | I18: N/A
A19: Meta Institucional
A20: Politica(s) de gestión y desempeño
A26: Plan(es) institucionales | C26: 17 - Plan de Mejoramiento | E26: 17 - Plan de Mejoramiento | G26: 17 - Plan de Mejoramiento | I26: 17 - Plan de Mejoramiento
A33: Riesgo(s) de metas y resultados | C33: N/A | E33: N/A | G33: N/A | I33: N/A
A34: Riesgo(s) fiduciarios | C34: N/A | E34: N/A | G34: N/A | I34: N/A
A35: Riesgo(s) de procesos | C35: N/A | E35: N/A | G35: N/A | I35: N/A
A36: Riesgo(s) de corrupción | C36: N/A | E36: N/A | G36: N/A | I36: N/A
A37: Riesgo(s) de corrupción | C37: N/A | E37: N/A | G37: N/A | I37: N/A
A38: Riesgo(s) ambiental | C38: Información reportada de forma imprecisa del proceso de gestión de funcionamiento y operación a entes externos. | E38: Información reportada de forma imprecisa del proceso de gestión de funcionamiento y operación a entes externos. | G38: Información reportada de forma imprecisa del proceso de gestión de funcionamiento y operación a entes externos. | I38: Información reportada de forma imprecisa del proceso de gestión de funcionamiento y operación a entes externos.
A39: Riesgo(s) de seguridad de la información | C39: N/A | E39: N/A | G39: N/A | I39: N/A
A40: Riesgo(s) de seguridad y salud en el trabajo | C40: N/A | E40: N/A | G40: N/A | I40: N/A
A41: Riesgo(s) SARLAFT | C41: N/A | E41: N/A | G41: N/A | I41: N/A
A42: Fuente | C42: Funcionamiento | E42: Funcionamiento | G42: Funcionamiento | I42: Funcionamiento
A43: Presupuesto inversión | C43: 0 | E43: 0 | G43: 0 | I43: 0

Sheet STORM
A2: # | B2: CÓDIGO DE LA ENTIDAD | C2: VIGENCIA PAD AUDITORIA o VISITA | D2: CODIGO AUDITORIA SEGÚN PAD DE LA VIGENCIA | E2: No. HALLAZGO o Numeral del Informe de la Auditoría o Visita | F2: CAUSA DEL HALLAZGO | G2: CÓDIGO ACCIÓN | H2: DESCRIPCIÓN ACCION | I2: NOMBRE DEL INDICADOR | J2: FORMULA DEL INDICADOR | K2: META | L2: AREA RESPONSABLE | M2: FECHA DE INICIO | N2: FECHA DE TERMINACIÓN
A3: 1 | B3: 206 | C3: ='Analisis de causas'!A3 -> 46262 | D3: ='Analisis de causas'!D3 -> 3-2026-06186 | E3: ='Analisis de causas'!E3 -> Numeral 6.2.3 | F3: ='Analisis de causas'!G3 -> Deficiente seguimiento de las obligaciones normativas ambientales y sus términos de cumplimiento por parte del área Administrativa, puesto que el reporte de la generación de Residuos Peligrosos durante la vigencia 2025 no se realizó en los tiempos establecidos en la plataforma del RUA del IDEAM. | G3: ='Solicitudes PAI'!$B2 -> 0 | H3: ='Solicitudes PAI'!$C10 -> Realizar el diligenciamiento, reporte y/o actualización de la información sobre la generación de Residuos Peligrosos en el Registro Único Ambiental (RUA), con el proposito de subsanar la información que no fue reportada dentro de los plazos establecidos por la autoridad ambiental competente. | I3: ='Solicitudes PAI'!$C17 -> N/A | J3: ='Solicitudes PAI'!#REF! -> #REF! | K3: ='Solicitudes PAI'!$C18 -> N/A | L3: ='Solicitudes PAI'!$C13 -> Brayan Engativá | M3: ='Solicitudes PAI'!$C11 -> 46296 | N3: ='Solicitudes PAI'!$C12 -> 46326
A4: 2 | G4: ='Solicitudes PAI'!$D2 -> 0 | H4: ='Solicitudes PAI'!$E10 -> Diseñar y documentar en la herramienta SVE un control asociado al riesgo “Información reportada de forma imprecisa del proceso de Gestión de Funcionamiento y Operación a entes externos”, orientado a verificar oportunamente la elaboración, presentación y cumplimiento de los reportes requeridos por los entes externos de control, con el fin de prevenir y detectar la omisión o presentación extemporánea de dichos reportes y fortalecer su seguimiento y trazabilidad. | I4: ='Solicitudes PAI'!$E16 -> N/A | J4: ='Solicitudes PAI'!$E17 -> N/A | K4: ='Solicitudes PAI'!$E18 -> N/A | L4: ='Solicitudes PAI'!$E13 -> Brayan Engativá | M4: ='Solicitudes PAI'!$E11 -> 46296 | N4: ='Solicitudes PAI'!$E12 -> 46326
A5: 3 | G5: ='Solicitudes PAI'!$F2 -> 0 | H5: ='Solicitudes PAI'!$G10 -> Consolidar los avances correspondientes a las líneas estratégicas y metas asignadas al FONCEP, con base en las acciones ejecutadas y las evidencias generadas durante la vigencia, con el fin de elaborar y presentar el reporte anual de seguimiento del PDGRDCC, solicitado por el IDIGER. | I5: ='Solicitudes PAI'!$G16 -> N/A | J5: ='Solicitudes PAI'!$G17 -> N/A | K5: ='Solicitudes PAI'!$G18 -> N/A | L5: ='Solicitudes PAI'!$G13 -> Brayan Engativá | M5: ='Solicitudes PAI'!$G11 -> 46327 | N5: ='Solicitudes PAI'!$G12 -> 46387
A6: 4 | G6: ='Solicitudes PAI'!$H2 -> 0 | H6: ='Solicitudes PAI'!$I10 -> Incluir en el Plan de Acción 2027 la totalidad de los reportes requeridos por los entes externos de control, estableciendo responsables, periodicidad y fechas de cumplimiento, con el fin de facilitar su seguimiento, verificar oportunamente su elaboración y presentación, y prevenir omisiones o extemporaneidades. | I6: ='Solicitudes PAI'!$I16 -> N/A | J6: ='Solicitudes PAI'!$I17 -> N/A | K6: ='Solicitudes PAI'!$I18 -> N/A | L6: ='Solicitudes PAI'!$I13 -> Brayan Engativá | M6: ='Solicitudes PAI'!$I11 -> 46388 | N6: ='Solicitudes PAI'!$I12 -> 46418
A7: 5 | G7: ='Solicitudes PAI'!$J2 -> 0 | H7: ='Solicitudes PAI'!$K10 -> 0 | I7: ='Solicitudes PAI'!$K16 -> 0 | J7: ='Solicitudes PAI'!$K17 -> 0 | K7: ='Solicitudes PAI'!$K18 -> 0 | L7: ='Solicitudes PAI'!$K13 -> 0 | M7: ='Solicitudes PAI'!$K11 -> 0 | N7: ='Solicitudes PAI'!$K12 -> 0
A8: 6 | G8: ='Solicitudes PAI'!$L2 -> 0 | H8: ='Solicitudes PAI'!$M10 -> 0 | I8: ='Solicitudes PAI'!$M16 -> 0 | J8: ='Solicitudes PAI'!$M17 -> 0 | K8: ='Solicitudes PAI'!$M18 -> 0 | L8: ='Solicitudes PAI'!$M13 -> 0 | M8: ='Solicitudes PAI'!$M11 -> 0 | N8: ='Solicitudes PAI'!$M12 -> 0
A9: 7 | G9: ='Solicitudes PAI'!$N2 -> 0 | H9: ='Solicitudes PAI'!$O10 -> 0 | I9: ='Solicitudes PAI'!$O16 -> 0 | J9: ='Solicitudes PAI'!$O17 -> 0 | K9: ='Solicitudes PAI'!$O18 -> 0 | L9: ='Solicitudes PAI'!$O13 -> 0 | M9: ='Solicitudes PAI'!$O11 -> 0 | N9: ='Solicitudes PAI'!$O12 -> 0
A10: 8 | G10: ='Solicitudes PAI'!$P2 -> 0 | H10: ='Solicitudes PAI'!$Q10 -> 0 | I10: ='Solicitudes PAI'!$Q16 -> 0 | J10: ='Solicitudes PAI'!$Q17 -> 0 | K10: ='Solicitudes PAI'!$Q18 -> 0 | L10: ='Solicitudes PAI'!$Q13 -> 0 | M10: ='Solicitudes PAI'!$Q11 -> 0 | N10: ='Solicitudes PAI'!$Q12 -> 0
A11: 9 | G11: ='Solicitudes PAI'!$R2 -> 0 | H11: ='Solicitudes PAI'!$S10 -> 0 | I11: ='Solicitudes PAI'!$S16 -> 0 | J11: ='Solicitudes PAI'!$S17 -> 0 | K11: ='Solicitudes PAI'!$S18 -> 0 | L11: ='Solicitudes PAI'!$S13 -> 0 | M11: ='Solicitudes PAI'!$S11 -> 0 | N11: ='Solicitudes PAI'!$S12 -> 0
A12: 10 | G12: ='Solicitudes PAI'!$T2 -> 0 | H12: ='Solicitudes PAI'!$U10 -> 0 | I12: ='Solicitudes PAI'!$U16 -> 0 | J12: ='Solicitudes PAI'!$U17 -> 0 | K12: ='Solicitudes PAI'!$U18 -> 0 | L12: ='Solicitudes PAI'!$U13 -> 0 | M12: ='Solicitudes PAI'!$U11 -> 0 | N12: ='Solicitudes PAI'!$U12 -> 0

Sheet Clasificadores
A1: Meta institucional | C1: Políticas de gestión y desempeño | E1: Planes institucionales
A2: 1 - Implementar la estrategia de Desarrollo Organizacional y Gestión Prestacional | C2: 1 - Planeación institucional | E2: 21 - Programa de Transparencia y Ética Pública en el Distrito Capital
A3: 2 - Implementar la estrategia de gestión documental | C3: 2 - Control interno | E3: 21.1. - Componente 1: Acceso a la Información pública
A4: 3 - Renovar el 100% del programa tecnológico y de gobierno digital | C4: 3 - Gestión del conocimiento y la innovación | E4: 21.2 - Componente 2: Rendición de cuentas
A5: 4 - Implementar el 100% de la estrategia de atención al pensionado del FONCEP | C5: 4 - Gestión de la información estadística | E5: 21.3 - Componente 3: Mejora en la atención y servicio a la ciudadanía
C6: 5 - Seguimiento y evaluación del desempeño institucional | E6: 21.4 - Componente 4: Racionalización de trámites
C7: 6 - Fortalecimiento organizacional y simplificación de procesos | E7: 21.5 - Componente 5: Apertura de información y de datos abiertos
C8: 7 - Gestión presupuestal y eficiencia del gasto público | E8: 21.6 - Componente 6: Participación e innovación en la gestión pública
C9: 8 - Talento humano | E9: 21.7 - Componente 7: Fortalecimiento de una cultura de integridad
C10: 9 - Integridad | E10: 21.8 - Componente 8: Gestión de Riesgos de corrupción
C11: 10 - Archivos y gestión documental | E11: 21.9 - Componente 9: Medidas de debida diligencia
C12: 11 - Transparencia acceso a la información pública y lucha contra la corrupción | E12: 2 - Plan Estratégico de Tecnologías de la Información y las Comunicaciones - PETI
C13: 12 - Participación ciudadana en la gestión pública | E13: 3 - Plan de Tratamiento de Riesgos: seguridad de la Información
C14: 13 - Racionalización de trámites | E14: 4 - Plan de Seguridad y Privacidad de la Información
C15: 14 - Servicio al ciudadano | E15: 5 - Plan Anual de Auditorías
C16: 15 - Defensa jurídica | E16: 6 - Plan de Austeridad
C17: 16 - Mejora normativa | E17: 7 - Plan Institucional de Archivos de la Entidad - PINAR
... C21: 20. Componente ambiental | E21: 11 - Plan Estratégico de Talento Humano
E22: 12 - Plan Anual de Vacantes
E23: 13 - Plan Institucional de Capacitación
E24: 14 - Plan de Incentivos Institucionales
E25: 15 - Plan de Previsión de Recursos Humanos
E26: 16 - Plan del Comité de Conciliación
E27: 17 - Plan de Mejoramiento
E28: 17.2 - Plan de mejoramiento riesgo - Cumplimiento parcial del plan de acción de la OIS 2022
E29: 17.3 - Plan de mejoramiento interno - Evaluación Integral FPPB 2021
E30: 17.4 - Plan de mejoramiento riesgo - Incumplimiento metas estratégicas
E31: 17.5 - Plan de mejoramiento - Seguimiento PIGA 2022
E32: 17.6 - Plan de mejoramiento riesgo - Baja satisfacción de los usuarios con los servicios tecnológicos
E33: 17.7 - Plan de mejoramiento riesgo - Cumplimiento normativo del proceso contractual
... E74: 20 - Plan de Apertura - Mejora y Uso de Datos Abiertos

Sheet Listas
A1: SI | B1: Modificar actividad en el plan de acción | C1: Dirijase a la hoja de "Solicitudes PAI", recuerde que mínimo debe solicitar la asociación del clasificador de plan de mejoramiento, plan de tratamiento o riesgo que le aplique | D1: Dependencia | E1: Campo a Modificar | F1: Politicas de gestión y desempeño | G1: Riesgos | H1: Acción a adelantar | J1: Categoria | K1: Fuente de analisis de causa* | L1: Campos
A2: NO | B2: Crear actividad en el plan de acción | C2: Dirijase a la hoja de "Solicitudes PAI" y solicite la creación de la actividad con cada uno de los atributos requeridos | D2: Dirección General - DG | E2: Nombre de la actividad | H2: Crear actividad | J2: SPE - Área de Cesantías | K2: Auditoria interna | L2: Nombre de la actividad
D3: Subdirección de Prestaciones Económicas - SPE | E3: Fecha inicial planificada | H3: Modificar actividad | J3: SPE - Gerencia de Bonos y Cuotas Partes | K3: Auditoria externa | L3: Descripción de la actividad
D4: Subdirección Financiera y Administrativa - SFA | E4: Fecha final planificada | H4: Cancelar actividad | J4: SPE - Gerencia de Bonos y Cuotas Partes - Devolución de aportes | K4: Autoevaluación | L4: Fecha inicial
D5: Subdirección Jurídica -SJ | E5: Responsable | J5: SPE - Gerencia de Pensiones | L5: Fecha final
D6: Oficina Asesora de Planeación - OAP | E6: Entregable | J6: SFA - Área Contabilidad | L6: Responsable
D7: Oficina de Control Interno - OCI | E7: Meta Institucional (Si aplica) | J7: SFA - Área Financiera | L7: Entregable (s)
D8: Oficina de Informática y Sistemas - OIS | E8: Politica de gestión y desempeño (Si aplica) | J8: SFA - Área Tesorería | L8: Descripción entregable (s)
D9: Comunicaciones y Servicio al Ciudadano - CSC | E9: Plan Institucional (Si aplica) | J9: SFA - Área Administrativa | L9: Meta Institucional
D10: Oficina de Control Interno Disciplinario - OCDI | E10: Riesgos de metas y resultados (Si aplica) | J10: SFA - Área de Talento Humano | L10: Politica(s) de gestión y desempeño
E11: Riesgos fiduciarios y financieros (Si aplica) | J11: SJ -Área de Cartera y Jurisdicción Coactiva | L11: Plan(es) institucionales
E12: Riesgos de procesos (Si aplica) | L12: Riesgo(s) de metas y resultados
E13: Riesgos de corrupción (Si aplica) | L13: Riesgo(s) fiduciarios
E14: Riesgo ambiental (Si aplica) | L14: Riesgo(s) de procesos
E15: Riesgos de seguridad de la información (Si aplica) | L15: Riesgo(s) de corrupción
E16: Riesgos de seguridad y salud en el trabajo (Si aplica) | L16: Riesgo(s) ambiental
E17: Riesgos SARLAFT (Si aplica) | L17: Riesgo(s) de seguridad de la información
E18: Riesgos contractuales (Si aplica) | L18: Riesgo(s) de seguridad y salud en el trabajo
L19: Riesgo(s) SARLAFT
L20: Fuente
L21: Presupuesto inversión
